 Dungeon Crawl Stone Soup version 0.19-a0-895-gdbd5520 (webtiles) character file.

2100 LORDOFBUTT the Blocker (level 9, -7/71 HPs)
             Began as a Minotaur Fighter on July 4, 2016.
             Mangled by a yak (12 damage)
             ... on level 7 of the Dungeon.
             The game lasted 00:07:48 (5391 turns).

LORDOFBUTT the Blocker (Minotaur Fighter)           Turns: 5391, Time: 00:07:49

Health: -7/71      AC: 15    Str: 20    XL:     9   Next: 7%
Magic:  8/8        EV:  8    Int:  5    God:
Gold:   280        SH: 11    Dex: 12    Spells: 0 memorised, 8 levels left

rFire  . . .     SeeInvis .     k - +4 flail
rCold  + . .     Gourm    +     n - +1 chain mail {MR+}
rNeg   . . .     Faith    .     c - +0 shield
rPois  .         Spirit   .     (helmet restricted)
rElec  .         Dismiss  .     (no cloak)
rCorr  .         Reflect  .     (no gloves)
SustAt .         Harm     .     w - +0 pair of boots
MR     +....                    x - amulet of the gourmand
Stlth  ..........               (no ring)
                                p - ring of protection from cold

@: somewhat resistant to hostile enchantments, extremely unstealthy
A: retaliatory headbutt, horns 2, yellow scales 1, frail 1, weak 1, wild magic 1
a: no special abilities


You were on level 7 of the Dungeon.
You were not hungry.

You visited 1 branch of the dungeon, and saw 7 of its levels.

You collected 280 gold pieces.

Inventory:

Hand Weapons
 d - a +0 whip of holy wrath
 k - a +4 flail (weapon)
Armour
 c - a +0 shield (worn)
 n - a +1 chain mail of magic resistance (worn)
 w - a +0 pair of boots (worn)
Jewellery
 p - a ring of protection from cold (left hand)
 x - an amulet of the gourmand (around neck)
 y - an uncursed ring of flight
 C - an uncursed ring of protection from fire {unknown}
Wands
 v - a wand of slowing (30/48)
Scrolls
 g - a scroll of immolation {unknown}
 h - 2 scrolls of fear
 i - 2 scrolls of blinking {unknown}
 l - a scroll of identify
 m - 2 scrolls of amnesia {unknown}
 q - a scroll of enchant armour {unknown}
 r - a scroll of teleportation {unknown}
 u - a scroll of remove curse {unknown}
 B - a scroll of recharging {unknown}
Potions
 b - 2 potions of brilliance
 e - a potion of resistance
 j - a potion of degeneration
 o - a potion of mutation
 s - 2 potions of curing
 z - a potion of magic
 E - a potion of flight {unknown}
Comestibles
 a - a royal jelly
 f - 2 bread rations
 t - a meat ration
 D - 5 fruits


   Skills:
 + Level 7.1 Fighting
 + Level 5.9 Maces & Flails
 + Level 7.9 Armour
 + Level 5.0 Dodging
 + Level 1.0 Stealth
 + Level 8.1 Shields


You had 8 spell levels left.
You didn't know any spells.

Dungeon Overview and Level Annotations

Branches:
Dungeon (7/15)             Temple (0/1) D:6

Altars:
Ashenzari
Cheibriados
Dithmenos
Elyvilon
Kikubaaqudgha
Pakellas
Qazlal
Ru
Xom
Zin

Shops:
D:4 *   D:7 (


Innate Abilities, Weirdness & Mutations

You reflexively headbutt those who attack you in melee.
You have a pair of horns on your head.
You are partially covered in yellow scales. (AC +2)
You are frail. (-10% HP)
You are weak. (Str -2)
Your spells are a little harder to cast, but a little more powerful.


Message History

The yak gores you but does no damage.
Your chain mail prevents you from hitting the yak.
The yak is severely wounded.
The yak gores you.
* * * LOW HITPOINT WARNING * * *
You hit the yak but do no damage.
The yak is severely wounded.
The yak gores you but does no damage.
Your shield and chain mail prevent you from hitting the yak.
The yak is severely wounded.
The yak gores you!
* * * LOW HITPOINT WARNING * * *
You barely miss the yak.
The yak is severely wounded.
The yak barely misses you.
Your shield and chain mail prevent you from hitting the yak.
Your headbutt misses the yak.
The yak is severely wounded.
The yak gores you but does no damage. The yak gores you!
You die...

#.# #... #######.##### #.##
########.....#.#...# #...
#............+.#...### #...
##....................# #...
.........###'###......# #...
.........# #.# #..#...# #...
........)###.###..#...###...
........YYY@_###..#.........
#......>)###.###..+.........
#........# #.# #..#.........
....###'Y###+###..####....##
....'...Y......... #....#
....###.....###.. #..... ..
#.....##### #...#.#
##.........# #####.#
#......∩..##


You could see 3 yaks.

Vanquished Creatures
  3 yaks (D:7)
  2 sky beasts (D:6)
  A phantom (D:4)
  2 ogres (D:6)
  A wyvern skeleton (D:6)
  A scorpion (D:6)
  3 wights (D:5)
  2 crimson imps
  A giant frog zombie (D:3)
  A quasit (D:6)
  2 orc wizards
  A centaur zombie (D:6)
  A giant frog skeleton (D:4)
  2 orc priests
  4 hounds
  2 centaur skeletons
  3 iguanas
  Ijyb (D:3)
  6 worker ants
  6 adders
  3 gnolls (D:7)
  A shadow imp (D:5)
  An adder skeleton (D:5)
  2 worms
  A dart slug (D:3)
  4 giant geckos
  41 orcs
  7 giant cockroaches
  5 hobgoblins
  12 jackals
  A quokka (D:2)
  3 ball pythons
  8 bats
  3 giant newts
  3 goblins (D:1)
  12 kobolds
  8 rats
160 creatures vanquished.

Notes
Turn   | Place    | Note
-------+----------+-------------------------------------------
     0 | D:1      | LORDOFBUTT the Minotaur Fighter began the quest for the Orb.
     0 | D:1      | Reached XP level 1. HP: 19/19 MP: 0/0
    87 | D:1      | Reached XP level 2. HP: 26/27 MP: 1/1
   403 | D:1      | Reached skill level 4 in Shields
   670 | D:1      | Reached XP level 3. HP: 33/33 MP: 2/2
  1082 | D:2      | Found a shadowy altar of Dithmenos.
  1295 | D:2      | Found a glowing silver altar of Zin.
  1575 | D:2      | Reached skill level 1 in Dodging
  1575 | D:2      | Reached XP level 4. HP: 9/41 MP: 3/3
  1884 | D:3      | Found a sacrificial altar of Ru.
  2025 | D:3      | Reached XP level 5. HP: 47/47 MP: 4/4
  2120 | D:3      | Found a white marble altar of Elyvilon.
  2224 | D:3      | Noticed Ijyb
  2244 | D:3      | Killed Ijyb
  2412 | D:3      | Reached skill level 5 in Fighting
  2412 | D:3      | Reached skill level 5 in Shields
  2427 | D:4      | Reached skill level 5 in Armour
  2451 | D:4      | Reached XP level 6. HP: 46/56 MP: 5/5
  2938 | D:4      | Found Louteaf's Assorted Antiques.
  3259 | D:4      | Reached XP level 7. HP: 51/61 MP: 6/6
  3595 | D:5      | Entered Level 5 of the Dungeon
  3661 | D:5      | Found a stormy altar of Qazlal.
  3781 | D:5      | Reached skill level 6 in Shields
  4467 | D:6      | Found an ancient bone altar of Kikubaaqudgha.
  4494 | D:6      | Reached XP level 8. HP: 58/70 MP: 7/7
  4499 | D:6      | Found a shattered altar of Ashenzari.
  4675 | D:6      | Reached skill level 7 in Shields
  4712 | D:6      | Reached skill level 1 in Stealth
  4734 | D:6      | Reached skill level 5 in Maces & Flails
  4810 | D:6      | Found a staircase to the Ecumenical Temple.
  5070 | D:6      | Found a shimmering altar of Xom.
  5086 | D:6      | Found a snail-covered altar of Cheibriados.
  5159 | D:6      | Gained mutation: You are partially covered in yellow scales. (AC +2) [mutagenic meat]
  5162 | D:6      | Gained mutation: You are frail. (-10% HP) [mutagenic meat]
  5165 | D:6      | Gained mutation: You are weak. (Str -2) [mutagenic meat]
  5168 | D:6      | Gained mutation: Your spells are a little harder to cast, but a little more powerful. [mutagenic meat]
  5290 | D:7      | Found an oddly glowing altar of Pakellas.
  5327 | D:7      | Found Keuxas's Antique Weapon Shoppe.
  5373 | D:7      | Reached skill level 8 in Shields
  5385 | D:7      | Reached skill level 5 in Dodging
  5385 | D:7      | Reached XP level 9. HP: 14/71 MP: 8/8
  5391 | D:7      | Mangled by a yak

Vault maps used:
D:1:      dpeg_arrival_shrine, minmay_parallelograms,
          corexii_item_surrounded_by_moat, serial_bayou_pond_b, minmay_circled_x
D:2:      grunt_dithmenos_smoke_and_mirrors, lemuel_coloured_pillars_altar,
          first_bread, kennysheep_generic_room_4
D:3:      elyvilon_altar_5, nicolae_ru_sacrificial_ziggurat,
          serial_bayou_crossing, uniq_iyjb
D:4:      serial_shops, shop, nicolae_zen_rock_garden, serial_park_tiny_pond
D:5:      nicolae_qazlal_general_emergency
D:6:      ashenzari_altar_1, kiku_gazebo_garden_becter,
          amethyst_overflow_temple_binary
D:7:      lemuel_doored_altar, eat_drink_and_be_merry_uskayaw,
          nicolae_tso_swordbearing_angel, serial_shops, shop, the_bakery

Skill      XL: |  1  2  3  4  5  6  7  8 |
---------------+-------------------------+-----
Fighting       | 4 5 6 7 |  7.1
Armour         | 4 5 6 7 |  7.9
Shields        | 4 5 6 8 |  8.1
Dodging        | 1 2 3 5 |  5.0
Maces & Flails | 3 4 5 |  5.9
Stealth        | 1 |  1.0

Action                   |  1- 3 |  4- 6 |  7- 9 || total
-------------------------+-------+-------+-------++-------
Melee: Flail             |   107 |    90 |   120 ||   317
       Headbutt          |    11 |    31 |    51 ||    93
       Whip              |       |    70 |   138 ||   208
  Use: Potion            |     1 |     1 |     1 ||     3
       Scroll            |       |     1 |     5 ||     6
  Eat: Fruit             |     5 |       |       ||     5
       Beef jerky        |     1 |       |       ||     1
       Chunk             |       |     7 |     5 ||    12
       Bread ration      |       |     1 |     1 ||     2
Armor: Scale mail        |    39 |       |       ||    39
       Chain mail        |    23 |    66 |   130 ||   219
Dodge: Dodged            |    29 |    41 |    77 ||   147
Block: Shield            |    76 |    78 |   136 ||   290
